 Dungeon Crawl Stone Soup version 0.14-a0-2400-gb2944a8 (webtiles) character file.

841 Egon the Skirmisher (level 7, 0/61 HPs)
             Began as a Green Draconian Berserker on Feb 4, 2014.
             Was an Elder of Trog.
             Slain by a killer bee (6 damage)
             ... on Level 6 of the Dungeon.
             The game lasted 00:12:10 (4420 turns).

Egon the Skirmisher (Green Draconian Berserker)     Turns: 4420, Time: 00:12:10

HP   0/61        AC  7     Str 19      XL: 7   Next:  8%
MP   7/7         EV 14     Int  8      God: Trog [****..]
Gold 289         SH  0     Dex 12      Spells:  0 memorised,  6 levels left

rFire  . . .     SeeInvis .     a - +0 hand axe
rCold  . . .     Clarity  .     (armour unavailable)
rNeg   . . .     Conserve .     (no shield)
rPois  +         rCorr    .     (helmet restricted)
rElec  .         rRot     .     (no cloak)
SustAb . .       Spirit   .     (no gloves)
rMut   +         Warding  .     w - +0 pair of boots
Saprov . . .     Stasis   .     p - amulet of resist mutation {unknown}
MR     ++...                    (no ring)
                                (no ring)

@: short of breath, regenerating, very resistant to hostile enchantments,
unstealthy
A: breathe noxious fumes, unfitting armour, poison resistance, AC +6
a: Breathe Noxious Fumes, Burn Spellbooks, Berserk, Trog's Hand, Brothers in
Arms, Renounce Religion


You were on level 6 of the Dungeon.
You worshipped Trog.
Trog was greatly pleased with you.
You were near starving.

You visited 1 branch of the dungeon, and saw 6 of its levels.

You collected 289 gold pieces.

Inventory:

Hand weapons
 a - a +0,+0 hand axe (weapon)
Armour
 w - a +0 pair of boots (worn)
Comestibles
 c - 5 bread rations
 j - an apple
 s - a meat ration
 z - 6 grapes
Scrolls
 f - 3 scrolls of enchant weapon II {unknown}
 g - 2 scrolls of remove curse {unknown}
 h - 5 scrolls of identify {unknown}
 l - a scroll of fear {unknown}
 o - a scroll of immolation {unknown}
 q - a scroll of enchant weapon I {unknown}
 r - 4 scrolls of teleportation {unknown}
 t - a scroll of recharging {unknown}
 u - 2 scrolls of enchant armour {unknown}
 v - a scroll of curse jewellery {unknown}
Jewellery
 p - an amulet of resist mutation (around neck) {unknown}
Potions
 b - 2 potions of speed {unknown}
 d - 2 potions of lignification {unknown}
 e - a potion of heal wounds {unknown}
 i - a potion of paralysis {unknown}
 k - 2 potions of curing {unknown}
 m - a potion of flight {unknown}
 n - a potion of poison {unknown}


   Skills:
 + Level 5.5 Fighting
 + Level 5.3 Axes
 + Level 4.9 Dodging


You had 6 spell levels left.
You didn't know any spells.

Dungeon Overview and Level Annotations

Branches:
Dungeon (6/16)
 Temple: D:4-7

Altars:
Cheibriados
Trog
Yredelemnul


Innate Abilities, Weirdness & Mutations

You can breathe blasts of noxious fumes.
Your lurid green scales are hard (AC +6).
Your body does not fit into most forms of armour.
Your cold-blooded metabolism reacts poorly to cold.
Your system is resistant to poisons.


Message History

The killer bee barely misses you.
You closely miss the killer bee.
The killer bee is moderately wounded.
The killer bee barely misses you.
The killer bee stings you but does no damage.
You hit the killer bee but do no damage.
The killer bee is moderately wounded.
You feel the effects of Trog's Hand fading.
The killer bee stings you.
* * * LOW HITPOINT WARNING * * *
The killer bee misses you.
You barely miss the killer bee.
The killer bee is moderately wounded.
You are near starving!
The killer bee stings you.
* * * LOW HITPOINT WARNING * * *
The killer bee stings you.
* * * LOW HITPOINT WARNING * * *
The killer bee stings you.
You die...

#.# #.# #.#
#.#######
###.......#
#.....###.###
#.###.#.......
#k# #...#
#@###.###.#
#.........#
###########


You could see a killer bee.

Vanquished Creatures
  An ogre (D:5)
  A crimson imp (D:5)
  An orc priest (D:3)
  A hound (D:4)
  An iguana (D:5)
  3 orc wizards
  A worker ant (D:4)
  A killer bee zombie (D:5)
  A hound skeleton (D:5)
  4 gnolls (D:2)
  5 adders
  A worm (D:6)
  6 giant geckos
  19 orcs
  7 bats
  5 giant cockroaches
  17 hobgoblins
  4 jackals (D:2)
  9 kobolds
  4 quokkas
  A giant gecko skeleton (D:5)
  5 giant newts
  11 goblins
  A goblin skeleton (D:5)
  A kobold skeleton (D:5)
  An orc zombie (D:3)
  7 rats
119 creatures vanquished.

Notes
Turn   | Place    | Note
--------------------------------------------------------------
     0 | D:1      | Egon, the Draconian Berserker, began the quest for the Orb.
     0 | D:1      | Reached XP level 1. HP: 19/19 MP: 1/1
   186 | D:1      | Reached XP level 2. HP: 12/26 MP: 2/2
   615 | D:2      | Reached XP level 3. HP: 14/33 MP: 3/3
   818 | D:2      | Acquired Trog's second power
   835 | D:2      | Reached XP level 4. HP: 40/40 MP: 4/4
   836 | D:2      | Reached skill level 4 in Fighting
  1332 | D:3      | Reached XP level 5. HP: 14/46 MP: 5/5
  2196 | D:3      | Found a bloodstained altar of Trog.
  2328 | D:4      | Reached XP level 6. HP: 53/53 MP: 6/6
  2409 | D:4      | Acquired Trog's third power
  2501 | D:4      | Reached skill level 5 in Fighting
  2993 | D:5      | Entered Level 5 of the Dungeon
  3051 | D:5      | Reached skill level 5 in Axes
  3196 | D:5      | Found a basalt altar of Yredelemnul.
  3925 | D:6      | Your scales start taking on a lurid green colour.
  3925 | D:6      | Gained mutation: Your system is resistant to poisons. [draconian maturity]
  3925 | D:6      | Reached XP level 7. HP: 61/61 MP: 7/7
  4381 | D:6      | Found a snail-covered altar of Cheibriados.
  4420 | D:6      | Slain by a killer bee

Action                   |  1- 3 |  4- 6 |  7- 9 || total
-------------------------+-------+-------+-------++-------
Melee: Hand axe          |    87 |   274 |    52 ||   413
Invok: Berserk           |     2 |     5 |       ||     7
       Trog's Hand       |       |       |     1 ||     1
 Abil: Breathe Noxious F |       |       |     1 ||     1
